 Dungeon Crawl Stone Soup version 0.31.0-11-ge490571c62 (webtiles) character file.

Game seed: 4647014384154904711

2327804 mainiacjoe the Conqueror (level 27, 323/323 HPs)
             Began as a Demonspawn Berserker on Jan 27, 2024.
             Was a High Priest of Trog.
             Escaped with the Orb
             ... and 4 runes on Jan 31, 2024!
             The game lasted 04:27:24 (73426 turns).

mainiacjoe the Conqueror (Demonspawn Berserker)    Turns: 73426, Time: 04:27:24

Health: 323/323    AC: 43    Str: 30    XL:     27
Magic:  11/11      EV: 14    Int: 10    God:    Trog [*****.]
Gold:   4274       SH: 30    Dex: 16    Spells: 26/26 levels left

rFire   + + .        a - +8 broad axe (vamp)
rCold   + . .        N - +5 Storm Queen's Shield {shock, Fly rElec}
rNeg    + + .        d - +0 gold dragon scales
rPois   +            (helmet unavailable)
rElec   +            e - +2 cloak {rPois}
rCorr   .            n - +2 pair of gloves {Dex+3}
SInv    .            u - +2 pair of boots {Fly}
Will    ++++.        Y - amulet of reflection Stlth
                     X - ring of the Tortoise {AC+8}
HPRegen 0.73/turn    W - ring of the Haunted God {rF+ rN++ Will+ MP-9 Str+3, =R}
MPRegen 0.12/turn

%: random rage (3%), reflection
@: flying
A: horns 3, icy blue scales 3, ignite blood 3, robust 3, spiny 3, large bone
plates 1, berserk 1, deformed body, deterioration 2, low MP 1, strong-willed 1,
weak 1, cold vulnerability 1, subdued magic 2, persistent drain
0: Orb of Zot
}: 4/15 runes: decaying, serpentine, slimy, silver
a: Renounce Religion, Berserk, Trog's Hand, Brothers in Arms


You escaped.
You worshipped Trog.
Trog was extremely pleased with you.
You visited 12 branches of the dungeon, and saw 56 of its levels.
You visited the Abyss 1 time.
You also visited: Ice Cave and Desolation.

You collected 9172 gold pieces.
You spent 4898 gold pieces at shops.

Inventory:

Hand Weapons
 a - a +8 vampiric broad axe (weapon)
 b - a +2 antimagic eveningstar
 w - a +4 broad axe of flaming
Missiles
 o - 37 boomerangs
 G - 8 javelins
 P - 2 throwing nets {=F}
 Q - 7 curare-tipped darts {=F}
 T - 7 silver javelins
Armour
 d - +0 gold dragon scales (worn)
 e - a +2 cloak of poison resistance (worn)
 n - a +2 pair of gloves of dexterity (worn)
 u - a +2 pair of boots of flying (worn)
 I - a +3 plate armour of willpower
 N - the +5 Storm Queen's Shield (worn) {shock, Fly rElec}
   (You bought it in a shop on level 4 of the Dungeon)

   Shock:     When it blocks an attack, it may electrocute the attacker.
   This works even against foes who are a short distance away.
   rElec:     It insulates you from electricity.
   Fly:       It grants you flight.
 U - quicksilver dragon scales
Jewellery
 l - a +5 ring of evasion
 H - a ring of willpower
 V - the ring "Naminyan" {+Blink rPois rF+ Int+6}
   (You found it on level 11 of the Dungeon)

   [ring of intelligence]

   Int+6:     It affects your intelligence (+6).
   rF+:       It protects you from fire.
   rPois:     It protects you from poison +Blink: It lets you blink.
 W - the ring of the Haunted God (right hand) {rF+ rN++ Will+ MP-9 Str+3, =R}
   (You found it in the Desolation of Salt)

   [ring of willpower]

   Str+3:     It affects your strength (+3).
   rF+:       It protects you from fire.
   rN++:      It greatly protects you from negative energy.
   Will+:     It increases your willpower.
   MP-9:      It affects your magic capacity (-9).
 X - the ring of the Tortoise (left hand) {AC+8}
   (You found it on level 1 of the Realm of Zot)

   [ring of protection]

   AC+8:      It affects your AC (+8).
 Y - an amulet of reflection (around neck)
Wands
 j - a wand of quicksilver (34)
 v - a wand of digging (12)
 x - a wand of mindburst (38)
 C - a wand of roots (45)
 E - a wand of charming (60)
 Z - a wand of polymorph (14)
Scrolls
 m - 3 scrolls of silence
 s - 22 scrolls of teleportation
 y - 2 scrolls of butterflies
 z - a scroll of revelation
 A - 9 scrolls of fear
 F - 12 scrolls of fog
 J - 8 scrolls of immolation
 M - 12 scrolls of vulnerability
 O - 2 scrolls of blinking
Potions
 h - 28 potions of curing
 i - 10 potions of lignification
 k - 3 potions of invisibility
 p - 13 potions of heal wounds
 q - 7 potions of berserk rage
 r - 11 potions of attraction
 t - 3 potions of might
 B - 3 potions of haste
 D - 2 potions of ambrosia
 K - 5 potions of resistance
 S - 6 potions of mutation
Miscellaneous
 c - a lightning rod (4/4)
 f - a tin of tremorstones (2/2)
 g - a sack of spiders
 L - a phantom mirror
 R - a phial of floods


   Skills:
 O Level 27 Fighting
 - Level 17.9(19.1) Axes
 - Level 11.4(16.0) Maces & Flails
 - Level 2.7(12.0) Polearms
 - Level 6.4 Throwing
 * Level 24.7 Armour
 - Level 15.0 Dodging
 + Level 20.3 Shields
 + Level 17.5 Evocations


You had 26 spell levels left.
You didn't know any spells.
Your spell library was empty.

Dungeon Overview and Level Annotations

Branches:
Dungeon (15/15)            Temple (1/1) D:4            Lair (5/5) D:9
  Swamp (4/4) Lair:2        Snake (4/4) Lair:3        Slime (5/5) Lair:4
    Orc (2/2) D:10            Elf (3/3) Orc:2        Vaults (5/5) D:14
  Crypt (3/3) Vaults:2       Tomb (0/3) Crypt:3      Depths (4/4) D:15
    Zot (5/5) Depths:4      IceCv (visited)         Desolation (visited)

Altars:
Ashenzari
Cheibriados
Dithmenos
Fedhas
Gozag
Hepliaklqana
Kikubaaqudgha
Makhleb
Nemelex Xobeh
Okawaru
Qazlal
Ru
Sif Muna
Trog
Uskayaw
Vehumet
Wu Jian
Xom
Yredelemnul
Jiyva
Lugonu

Shops:
D:4 [   D:8 !   D:10 (   D:13 *   D:14 ?   Orc:1 *   Orc:2 !(=   Elf:1 *
Elf:3 *   Snake:1 :=:[   Snake:2 *   Snake:3 ((:[   Vaults:3 :   Vaults:4 :
Depths:1 :   Depths:3 [

Portals:
Hell: Depths:1 Depths:2 Depths:3 Depths:4
Abyss: Lair:5 Depths:3
Pandemonium: Depths:1 Depths:2
Ziggurat: Depths:4

Annotations:
D:3 1 runed translucent door, Crazy Yiuf
Elf:2 Norris
Crypt:1 Zenata
Zot:2 4 transporters
Abyss:1 Josephine


Innate Abilities, Weirdness & Mutations

You have a pair of large horns on your head.
You are completely covered in icy blue scales. (AC +4, rC+)
Your demonic aura causes all spilled blood to erupt in flames.
You are extremely robust. (+30% HP)
You are completely covered in sharp spines.
You are partially covered in large bone plates. (SH +4)
You sometimes lose your temper in combat.
Armour fits poorly on your strangely shaped body.
Your body often deteriorates upon taking damage.
Your magical capacity is low. (-10% MP)
You are strong-willed. (Will+)
You are weak. (Str -2)
You are vulnerable to cold. (rC-)
Your spells are easier to cast, but less powerful.
Your health recovers twice as slowly from being drained.


Message History

Trog accepts your kill.
There is a stone staircase leading up here.
You fly upwards.
Your summoned ally is left behind.
There is a stone staircase leading down here.
What level of the Dungeon? (default 1, ? - help)
An Orb Guardian comes into view.
There is a stone staircase leading up here.
You fly upwards.
There is a stone staircase leading down here.
What level of the Dungeon? (default 1, ? - help)
There is a stone staircase leading up here.
You fly upwards.
There is a stone staircase leading down here.
You see here a +0 club.
There is a stone staircase leading up here.
You fly upwards.
There is a stone staircase leading down here.
There is a stone staircase leading up here.
You fly upwards.
There is a stone staircase leading down here.
There is a stone staircase leading up here.
You fly upwards.
There is a stone staircase leading down here.
There is a stone staircase leading up here.
You fly upwards.
There is a stone staircase leading down here.
There is a staircase to the Ecumenical Temple here.
There is a stone staircase leading up here.
You fly upwards.
Level annotation: 1 runed translucent door, Crazy Yiuf
There is a stone staircase leading down here.
There is a stone staircase leading up here.
You fly upwards.
There is a stone staircase leading down here.
HP restored.
There is a stone staircase leading up here.
You fly upwards.
There is a stone staircase leading down here.
There is a staircase leading out of the dungeon here.
You have escaped!

#.##...# ##...###..##.
#####.##...# ##..####.....#
.......#...## #####...####.###.#
#####....#..####.....#...#..# #..
#.#####.........####...## ###
##.# ##..#####..####..## ## #..#
##..#.....#........####. #.##
##..#.......#..####...... #.#
#..#....@....#..# ###.... ####.#
#...#.......#...####..###
#....####....#.....#.........## #
#.............#####..##..########
#########............###......#..
#........[.### ######....
#..........# ###>. #..........#
### #..........#


There were no monsters in sight!

Vanquished Creatures
  the Royal Jelly (Slime:5)
  5 dread liches
  12 orbs of fire
  4 ancient liches
  Boris (Vaults:2)
  Sojobo (Crypt:1)
  5 Killer Klowns
  Bai Suzhen (Depths:2)
  2 curse toes
  7 golden dragons
  3 bone dragons
  Nikola (Swamp:1)
  3 electric golems
  A Brimstone Fiend (Zot:2)
  Jorgrun (Snake:1)
  15 tentacled monstrosities
  2 titans
  A shard shrike skeleton (Crypt:3)
  2 deep elf master archers (Elf:3)
  23 Orb Guardians
  3 liches
  A deep elf blademaster (Elf:2)
  4 quicksilver dragons
  17 acid blobs
  6 ancient champions
  10 sphinxes
  Agnes (Elf:2)
  A walking divine tome (Depths:3)
  Frances (Abyss:3)
  An Executioner (D:11)
  7 death cobs
  17 shadow dragons
  6 storm dragons
  3 nagarajas
  6 draconian knights
  5 draconian monks
  Aizul (Vaults:2)
  Donald (Elf:2)
  12 tengu reavers
  A protean progenitor (Zot:1)
  6 rockslimes
  The ghost of Paschim the Severer, a journeyman MiBe of Trog (Orc:1)
  4 revenants
  11 fire giants
  6 draconian scorchers
  13 azure jellies
  7 deep elf sorcerers
  8 frost giants
  An iron dragon (Vaults:5)
  6 draconian shifters
  2 deep elf elementalists (Elf:3)
  2 curse skulls
  A ghost moth (Zot:3)
  2 orc warlords
  13 vault wardens
  An imperial myrmidon (Desolation)
  6 draconian annihilators
  A cacodemon (Depths:2)
  13 ghouls
  9 quicksilver oozes
  11 stone giants
  A juggernaut skeleton (Crypt:3)
  2 spriggan defenders (Depths:2)
  A caustic shrike skeleton (Crypt:3)
  4 formless jellyfish
  32 ironbound preservers
  2 broodmothers (Zot:1)
  21 very ugly things
  6 vampire knights
  11 ironbound thunderhulks
  8 black draconians
  14 green draconians
  4 deep elf demonologists (Elf:3)
  A lorocyproca (Depths:2)
  12 red draconians
  8 purple draconians
  10 deep elf annihilators (Elf:3)
  A halazid warlock (Desolation)
  2 eleionomae (Swamp:3)
  10 deep elf death magi
  9 white draconians
  4 dire elephants (Vaults:1)
  6 war gargoyles
  8 yellow draconians
  6 spark wasps
  13 ettins
  3 eidola
  11 fire dragons
  15 jiangshi
  A shambling mangrove (Swamp:4)
  15 yaktaur captains
  7 deep elf high priests
  2 entropy weavers
  Fannar (D:10)
  A spriggan zombie (Crypt:2)
  A rakshasa (Depths:2)
  5 spriggan air magi
  5 ragged hierophants
  7 ice dragons
  5 great orbs of eyes
  3 salamander tyrants
  8 servants of whispers (Desolation)
  34 vault guards
  A hell beast (Depths:2)
  10 ironbound frosthearts
  4 peacekeepers
  25 hydras
  7 spriggan skeletons
  11 centaur warriors
  A quicksilver dragon skeleton (Crypt:3)
  3 death knights
  4 boulder beetles
  7 ogre magi
  15 alligators
  3 catoblepae
  21 anacondas
  3 tengu warriors
  A death yak (Lair:2)
  14 two-headed ogres
  13 naga warriors
  4 deep troll shamans
  11 vampire magi
  4 thrashing horrors (Lair:5)
  13 naga sharpshooters
  3 deep troll earth magi
  28 dancing weapons
  Urug (D:12)
  11 shock serpents
  9 spriggan berserkers
  A soul eater (Depths:1)
  Nergalle (D:12)
  Sonja (D:11)
  15 hell knights
  16 deep elf knights
  2 titan skeletons (Crypt:3)
  6 iron trolls
  Amaemon (Lair:3)
  A fire crab (Lair:2)
  A shadow wraith (Crypt:3)
  4 spriggan druids
  An anaconda zombie (Crypt:2)
  61 skeletal warriors
  4 goliath frogs
  6 bog bodies
  4 skysharks
  A glowing orange brain (Slime:5)
  A sea snake (Snake:3)
  A lindwurm (shapeshifter) (Vaults:5)
  15 mana vipers
  2 salamander mystics
  4 deep elf archers
  9 swamp dragons
  A bunyip skeleton (Crypt:2)
  A shadow demon (Depths:1)
  6 arcanists
  4 flayed ghosts
  A golden dragon zombie (Vaults:2)
  14 phantasmal warriors
  22 ironbound convokers
  58 deep trolls
  6 orc knights
  A golden dragon skeleton (Crypt:3)
  5 large abominations
  16 deep elf pyromancers
  26 lindwurms
  6 naga ritualists
  6 harpies
  18 necromancers
  14 deep elf zephyrmancers
  48 ugly things
  10 shining eyes
  A frost giant zombie (Crypt:3)
  An oklob plant (Snake:1)
  A stone giant zombie (Vaults:2)
  2 orc sorcerers (Orc:2)
  A tengu skeleton (Crypt:1)
  A fire giant zombie (Vaults:2)
  2 will-o-the-wisps
  21 moths of wrath
  8 manticores
  24 salamanders
  5 cyclopes
  2 shock serpent zombies
  4 kobold blastminers
  A frost giant skeleton (Vaults:2)
  A meliai (shapeshifter) (D:11)
  6 meliai (D:14)
  A dire elephant zombie (Crypt:2)
  A naga zombie (Crypt:1)
  18 vault sentinels
  A fire giant skeleton (Crypt:1)
  An ice statue (IceCv)
  33 black mambas
  5 elephants (Lair:5)
  17 guardian serpents
  An eye of devastation (Slime:5)
  A molten gargoyle (Desolation)
  5 human skeletons
  8 naga magi
  A dire elephant skeleton (Crypt:3)
  An eye of devastation (shapeshifter) (Vaults:5)
  4 stone giant skeletons
  An unseen horror (shapeshifter) (Lair:5)
  2 torpor snails (Lair:2)
  9 cane toads
  4 smoke demons
  An orange demon (Lair:3)
  A gargoyle (D:13)
  5 komodo dragons
  An unseen horror (D:10)
  A catoblepas zombie (Crypt:1)
  Jeremiah (D:6)
  An efreet (D:11)
  A green draconian zombie (Crypt:3)
  10 rime drakes
  2 kobold demonologists (D:9)
  A rime drake (shapeshifter) (D:14)
  A tormentor (Depths:4)
  A yaktaur skeleton (Vaults:2)
  33 yaktaurs
  7 freezing wraiths
  A white draconian skeleton (Crypt:2)
  A redback zombie (Crypt:3)
  5 tengu conjurers
  A minotaur skeleton (Crypt:3)
  5 guardian mummies
  A queen bee (shapeshifter) (Lair:5)
  Psyche (D:12)
  6 trolls
  10 polar bears
  A catoblepas skeleton (Crypt:2)
  11 hornets
  A bloated husk (Swamp:4)
  8 tyrant leeches
  7 harpy skeletons (Crypt:3)
  A tarantella (Vaults:2)
  22 blink frogs
  An ettin zombie (Crypt:1)
  53 saltlings
  A hydra skeleton (Crypt:3)
  2 glass eyes
  2 raiju (Lair:5)
  5 dream sheep
  70 slime creatures
  10 spriggans
  An ettin skeleton (Vaults:2)
  An air elemental (Elf:3)
  Sigmund (D:6)
  A jumping spider (Vaults:3)
  A vampire (D:12)
  A spriggan (shapeshifter) (D:15)
  44 yaks
  Eustachio (D:6)
  7 water elementals
  3 fire elementals
  9 wraiths
  4 wyverns
  3 ynoxinuls
  4 basilisks
  A golden eye (Slime:5)
  10 wargs
  10 vampire mosquitoes
  14 humans (D:14)
  2 redbacks (Vaults:3)
  A redback (shapeshifter) (Vaults:4)
  A black mamba skeleton (Crypt:1)
  2 steam dragons
  2 elf skeletons (Vaults:2)
  14 small abominations (Lair:5)
  A chaos spawn (Zot:3)
  A merfolk zombie (Crypt:1)
  11 swamp worms
  Edmund (D:6)
  A swamp worm (shapeshifter) (Depths:2)
  3 acid dragons
  A glowing shapeshifter skeleton (Vaults:2)
  5 human zombies
  34 nagas
  A glowing shapeshifter zombie (Vaults:2)
  Duvessa (D:5)
  9 swamp drakes (Swamp:4)
  4 hell hounds (Depths:2)
  14 water moccasins
  2 black bears
  20 orc warriors
  2 sky beasts
  18 laughing skulls
  12 wolves
  16 boggarts
  4 centaurs
  10 ogres
  3 kobold brigands
  A fire crab zombie (Crypt:1)
  10 bullfrogs
  A gnoll sergeant (D:7)
  2 scorpions
  5 necrophages
  An entropy weaver simulacrum (Vaults:2)
  An earth elemental (Elf:3)
  4 wights (D:6)
  2 raiju zombies
  Dowan (D:5)
  3 lindwurm simulacra (IceCv)
  6 electric eels
  3 howler monkeys (D:9)
  2 jellies
  6 komodo dragon simulacra (IceCv)
  A black bear zombie (Crypt:3)
  A hound (D:6)
  2 bombardier beetles
  4 centaur skeletons
  7 orc priests
  Ijyb (D:3)
  A gnoll bouda (D:6)
  2 iguanas (D:5)
  18 orc wizards
  A statue (D:4)
  3 centaur simulacra (D:9)
  4 naga skeletons
  A hound zombie (D:3)
  4 mummies (Crypt:1)
  8 acid dragon simulacra (IceCv)
  12 gnolls
  A howler monkey skeleton (D:3)
  4 adders
  A ribbon worm zombie (Crypt:3)
  7 white imps
  4 steam dragon simulacra (IceCv)
  An adder zombie (D:3)
  3 adder skeletons (D:3)
  2 dart slugs
  A ribbon worm (D:2)
  81 orcs
  3 ball pythons
  6 endoplasms
  2 giant cockroaches
  4 goblins
  7 hobgoblins
  3 jackals (D:4)
  3 quokkas
  5 bats
  An endoplasm zombie (Crypt:2)
  5 frilled lizards
  A gnoll skeleton (Crypt:1)
  A jackal skeleton (Crypt:1)
  10 kobolds
  An orc skeleton (Crypt:1)
  A quokka skeleton (D:3)
  2 rats (D:1)
  A spectral weapon (Depths:2)
2366 creatures vanquished.

Vanquished Creatures (collateral kills)
  A pandemonium lord (Depths:4)
  Boris (Crypt:2)
  A Killer Klown (Zot:5)
  A golden dragon (Depths:4)
  Rupert (D:14)
  A death cob (Zot:5)
  An ancient champion (Crypt:3)
  A storm dragon (Zot:3)
  A shadow dragon (Depths:4)
  A draconian monk (Depths:4)
  An imperial myrmidon (Desolation)
  3 deep elf sorcerers (Elf:3)
  A draconian scorcher (Zot:3)
  A draconian stormcaller (Zot:3)
  2 green draconians
  2 halazid warlocks (Desolation)
  A white draconian (Zot:3)
  Snorg (D:10)
  A fire dragon (Depths:4)
  2 ragged hierophants (Desolation)
  A hydra (Lair:4)
  A rakshasa (D:15)
  A servant of whispers (Desolation)
  An ice dragon (D:15)
  A dancing weapon (Elf:3)
  Erica (D:9)
  2 naga warriors
  A skeletal warrior (Crypt:3)
  A flayed ghost (Crypt:2)
  A shadow dragon zombie (Crypt:2)
  An anaconda skeleton (Crypt:3)
  A deep elf zephyrmancer (Elf:3)
  A deep elf pyromancer (Elf:3)
  2 orc sorcerers (Orc:2)
  A moth of wrath (Zot:3)
  Maggie (D:10)
  An alligator snapping turtle skeleton (Crypt:2)
  4 saltlings (Desolation)
  3 nagas (Snake:4)
  A black bear (Lair:2)
  An orc warrior (D:9)
  A yaktaur skeleton (Crypt:2)
  An orc priest (D:9)
  An orc wizard (Orc:2)
  An orc (Orc:2)
57 creatures vanquished.

Vanquished Creatures (others)
  A tengu reaver (Crypt:1)
  A draconian knight (Zot:1)
  A draconian scorcher (Zot:1)
  A black draconian (Zot:1)
  A purple draconian (Zot:3)
  An ironbound frostheart (Vaults:1)
  3 deep elf knights
  A bog body (Swamp:3)
  3 bloated husks
  A naga (Snake:3)
  An orc priest (Orc:1)
  2 orcs
  A quokka (D:3)
  A quokka zombie (D:3)
  8 foxfires
27 creatures vanquished.

Grand Total: 2450 creatures vanquished

Notes
Turn   | Place    | Note
-------+----------+-------------------------------------------
     0 | D:1      | mainiacjoe the Demonspawn Berserker began the quest for the
                  | Orb.
     0 | D:1      | Reached XP level 1. HP: 18/18 MP: 1/1
   185 | D:1      | Gained mutation: You have a pair of small horns on your
                  | head. [demonic ancestry]
   185 | D:1      | Reached XP level 2. HP: 19/24 MP: 2/2
   925 | D:2      | Reached XP level 3. HP: 28/29 MP: 3/3
  1026 | D:2      | Reached ** piety under Trog
  1368 | D:2      | Found a faded altar of an unknown god.
  1583 | D:3      | Gained mutation: You are partially covered in icy blue
                  | scales. (AC +2) [demonic ancestry]
  1583 | D:3      | Reached XP level 4. HP: 36/37 MP: 4/4
  1589 | D:3      | Reached skill level 4 in Fighting
  1612 | D:3      | Reached XP level 5. HP: 15/42 MP: 5/5
  1829 | D:3      | Found an ornate altar of the Wu Jian Council.
  1852 | D:3      | Found a basalt altar of Yredelemnul.
  1964 | D:3      | Noticed Ijyb
  1979 | D:3      | Killed Ijyb
  1980 | D:3      | Reached skill level 5 in Axes
  2328 | D:3      | Found a stormy altar of Qazlal.
  2385 | D:3      | Found a runed translucent door.
  2386 | D:3      | Noticed Crazy Yiuf
  2504 | D:4      | Found Esodwaur's Antique Armour Emporium.
  2558 | D:4      | Gained mutation: You are mostly covered in icy blue scales.
                  | (AC +3) [demonic ancestry]
  2558 | D:4      | Reached XP level 6. HP: 43/49 MP: 6/6
  2637 | D:4      | Found a radiant altar of Vehumet.
  2645 | D:4      | Reached *** piety under Trog
  2776 | D:4      | Found a shimmering altar of Xom.
  2919 | D:4      | Found a staircase to the Ecumenical Temple.
  2932 | Temple   | Entered the Ecumenical Temple
  3113 | D:4      | Found a bloodstained altar of Trog.
  3363 | D:5      | Entered Level 5 of the Dungeon
  3373 | D:5      | Reached skill level 1 in Shields
  3506 | D:5      | Noticed a yak
  3506 | D:5      | Noticed a yak
  3506 | D:5      | Noticed a yak
  3506 | D:5      | Noticed a yak
  3506 | D:5      | Noticed a yak
  3512 | D:5      | Killed a yak
  3513 | D:5      | Reached skill level 5 in Fighting
  3513 | D:5      | Gained mutation: You are partially covered in sharp spines.
                  | [demonic ancestry]
  3513 | D:5      | Reached XP level 7. HP: 56/56 MP: 7/7
  3514 | D:5      | Killed a yak
  3517 | D:5      | Killed a yak
  3521 | D:5      | Killed a yak
  3522 | D:5      | Reached XP level 8. HP: 64/64 MP: 8/8
  3523 | D:5      | Reached skill level 6 in Fighting
  3639 | D:5      | Noticed Duvessa
  3650 | D:5      | Killed Duvessa
  3657 | D:5      | Noticed Dowan
  3666 | D:5      | Killed Dowan
  4201 | D:6      | Noticed Jeremiah
  4218 | D:6      | Killed Jeremiah
  4434 | D:6      | Noticed Sigmund
  4443 | D:6      | Killed Sigmund
  4444 | D:6      | Gained mutation: You are mostly covered in sharp spines.
                  | [demonic ancestry]
  4444 | D:6      | Reached XP level 9. HP: 71/71 MP: 9/9
  4497 | D:6      | Reached skill level 1 in Polearms
  4594 | D:6      | Reached skill level 7 in Fighting
  4814 | D:6      | Noticed Edmund
  4829 | D:6      | Killed Edmund
  4936 | D:6      | Reached skill level 5 in Shields
  5104 | D:6      | Noticed Eustachio
  5113 | D:6      | Killed Eustachio
  5692 | D:7      | Reached **** piety under Trog
  6282 | D:8      | Reached skill level 8 in Fighting
  6558 | D:8      | Found Suyc's Distillery.
  6856 | D:9      | Gained mutation: Your demonic aura sometimes causes spilled
                  | blood to erupt in flames. [demonic ancestry]
  6856 | D:9      | Reached XP level 10. HP: 65/82 MP: 10/10
  7105 | D:9      | Reached skill level 9 in Fighting
  7328 | D:9      | Noticed Erica
  7341 | D:9      | Killed Erica
  7644 | D:9      | Found a staircase to the Lair.
  7687 | D:9      | Reached skill level 10 in Axes
  7875 | D:9      | Reached skill level 10 in Fighting
  8072 | D:9      | Reached XP level 11. HP: 61/90 MP: 11/11
  8189 | D:9      | Noticed a two-headed ogre
  8195 | D:9      | Killed a two-headed ogre
  8195 | D:9      | Reached ***** piety under Trog
  8519 | D:10     | Entered Level 10 of the Dungeon
  8519 | D:10     | Noticed Maggie
  8525 | D:10     | Killed Maggie
  8612 | D:10     | Noticed Fannar
  8628 | D:10     | Killed Fannar
  8955 | D:10     | Noticed Snorg
  8965 | D:10     | Killed Snorg
  9006 | D:10     | Found a staircase to the Orcish Mines.
  9012 | D:10     | Reached skill level 5 in Dodging
  9049 | D:10     | Found Yqaug's Weapon Shop.
  9164 | D:10     | Noticed a two-headed ogre
  9180 | D:10     | Killed a two-headed ogre
  9325 | D:10     | Found a hazy altar of Hepliaklqana.
  9466 | D:11     | Noticed Sonja
  9505 | Lair:1   | Entered Level 1 of the Lair of Beasts
  9804 | Lair:1   | Reached skill level 1 in Evocations
 10612 | Lair:1   | Reached XP level 12. HP: 97/97 MP: 12/12
 10934 | Lair:2   | Found a staircase to the Swamp.
 11429 | Lair:2   | Noticed a five-headed hydra
 11444 | Lair:2   | Killed a five-headed hydra
 11472 | Lair:2   | Noticed an anaconda
 11472 | Lair:2   | Noticed a death yak
 11474 | Lair:2   | HP: 4/97 [anaconda (12)]
 11479 | Lair:2   | Killed an anaconda
 11754 | Lair:2   | Reached skill level 10 in Shields
 11802 | Lair:2   | Killed a death yak
 11803 | Lair:2   | Reached skill level 5 in Evocations
 12071 | D:8      | Bought a potion of heal wounds for 70 gold pieces
 12183 | Lair:3   | Found a staircase to the Snake Pit.
 12231 | Lair:3   | Noticed Amaemon
 12284 | Lair:3   | Killed Amaemon
 12320 | Lair:3   | Reached skill level 10 in Dodging
 12349 | Lair:3   | Gained mutation: You have a pair of horns on your head.
                  | [demonic ancestry]
 12349 | Lair:3   | Reached XP level 13. HP: 42/103 MP: 13/13
 12364 | Lair:3   | HP: 4/103 [lindwurm (13)]
 13725 | Lair:4   | Reached skill level 5 in Armour
 14024 | Lair:4   | Found a viscous altar of Jiyva.
 14024 | Lair:4   | Found a staircase to the Slime Pits.
 14465 | Lair:5   | Entered Level 5 of the Lair of Beasts
 14631 | Lair:5   | Found the +10 dark maul {heavy}
 15141 | Lair:5   | Reached XP level 14. HP: 94/110 MP: 14/14
 15206 | Lair:5   | Found a corrupted altar of Lugonu.
 15206 | Lair:5   | Found a one-way gate to the infinite horrors of the Abyss.
 15211 | Lair:5   | Identified the staff of Zahyof {rPois Tloc Alchemy}
 15584 | D:4      | Bought the +5 Storm Queen's Shield {shock, Fly rElec} for
                  | 957 gold pieces
 15584 | D:4      | Found the +5 Storm Queen's Shield {shock, Fly rElec}
 16375 | D:11     | Identified the ring "Naminyan" {+Blink rPois rF+ Int+6}
 16422 | D:11     | Noticed Josephine
 16432 | D:11     | Killed Sonja
 16444 | D:11     | Received a gift from Trog
 16448 | D:11     | Banished Josephine
 16632 | D:11     | Identified the ring of Lugonu's Whim {rC+ rCorr Int+6}
 16799 | D:8      | Bought a potion of haste for 140 gold pieces
 17239 | Orc:1    | Entered Level 1 of the Orcish Mines
 17566 | Orc:2    | Entered Level 2 of the Orcish Mines
 17592 | Orc:2    | Found Seozylli's Jewellery Shop.
 17605 | Orc:2    | Found a frozen archway.
 17624 | Orc:2    | Reached skill level 10 in Evocations
 17675 | IceCv    | Entered an ice cave
 18103 | IceCv    | Identified the ring "Ocovis" {rF+ Int+6 Stlth+}
 18404 | IceCv    | Found the ring of Shadows {Umbra +Inv Stlth+}
 18465 | IceCv    | Identified the ring of the Genius {rCorr MP+9 Int+3 Stlth+}
 18679 | Orc:2    | Paralysed by an orc sorcerer for 5 turns
 18820 | Orc:2    | Found Papiup's Weapon Emporium.
 18820 | Orc:2    | Found Cucismae's Distillery.
 18847 | Orc:2    | Paralysed by an ogre mage for 4 turns
 18926 | Orc:2    | Bought a potion of cancellation for 96 gold pieces
 18926 | Orc:2    | Bought a potion of enlightenment for 60 gold pieces
 18976 | Orc:2    | Paralysed by an ogre mage for 5 turns
 18986 | Orc:2    | Reached skill level 15 in Axes
 18986 | Orc:2    | Received a gift from Trog
 18994 | Orc:2    | Reached skill level 10 in Armour
 18998 | Orc:2    | Found Tyq Vasm's Magic Scroll Emporium.
 19162 | Orc:2    | Bought a scroll of fear for 68 gold pieces
 19162 | Orc:2    | Bought a scroll of identify for 34 gold pieces
 19162 | Orc:2    | Bought a scroll of identify for 34 gold pieces
 19162 | Orc:2    | Bought a scroll of identify for 34 gold pieces
 19175 | Orc:2    | Noticed an orc warlord
 19177 | Orc:2    | Found a staircase to the Elven Halls.
 19182 | Orc:2    | Gained mutation: You are completely covered in icy blue
                  | scales. (AC +4, rC+) [demonic ancestry]
 19182 | Orc:2    | Reached XP level 15. HP: 106/115 MP: 15/15
 19395 | Orc:2    | Bought a ring of willpower for 350 gold pieces
 19563 | Orc:1    | Found a runed translucent gate.
 19563 | Orc:1    | Found a runed translucent gate.
 19563 | Orc:1    | Found a runed translucent gate.
 19579 | Orc:1    | Noticed Paschim's ghost (journeyman MiBe)
 19580 | Orc:1    | Found Atootiph's Mayhem Merchandise.
 19894 | Orc:1    | Killed Paschim's ghost
 20437 | D:12     | Noticed Psyche
 20441 | D:12     | Killed Psyche
 20535 | D:12     | Noticed Nergalle
 20546 | D:12     | Killed Nergalle
 20641 | D:12     | Noticed Urug
 20667 | D:12     | Killed Urug
 21331 | D:13     | Found Limet's General Store.
 21334 | D:13     | Bought a scroll of blinking for 97 gold pieces
 21334 | D:13     | Bought a ring of see invisible for 195 gold pieces
 21526 | D:14     | Noticed Rupert
 21526 | D:14     | Found a gate to the Vaults.
 21752 | D:14     | Received a gift from Trog
 22024 | D:14     | Reached ****** piety under Trog
 22510 | D:14     | Found Fuarrotz's Magic Scroll Shop.
 22718 | D:14     | Bought a scroll of teleportation for 39 gold pieces
 22718 | D:14     | Bought a scroll of identify for 26 gold pieces
 22718 | D:14     | Bought a scroll of vulnerability for 52 gold pieces
 22718 | D:14     | Bought a scroll of identify for 26 gold pieces
 22720 | D:14     | Gained mutation: Your demonic aura often causes spilled
                  | blood to erupt in flames. [demonic ancestry]
 22720 | D:14     | Reached XP level 16. HP: 122/122 MP: 16/16
 22774 | D:14     | Killed Rupert
 22834 | D:15     | Entered Level 15 of the Dungeon
 23316 | D:15     | Reached XP level 17. HP: 112/129 MP: 17/17
 23730 | D:15     | Found a staircase to the Depths.
 24747 | D:11     | Received a gift from Trog
 25181 | Snake:1  | Entered Level 1 of the Snake Pit
 25185 | Snake:1  | Found Vaxais's Armour Shop.
 25433 | Snake:1  | Reached skill level 11 in Fighting
 25792 | Snake:1  | Found a burning altar of Makhleb.
 26144 | Orc:2    | Bought an amulet of reflection for 420 gold pieces
 26286 | Snake:1  | Found Roevuep's Book Boutique.
 26287 | Snake:1  | Found Foenoij's Jewellery Shoppe.
 26288 | Snake:1  | Found Doerol's Book Boutique.
 26393 | Snake:1  | Noticed Frances
 26405 | Snake:1  | Banished Frances
 26485 | Snake:1  | Noticed Jorgrun
 26514 | Snake:1  | Killed Jorgrun
 27187 | Snake:2  | Found Moren's Overcharged Wands.
 27986 | Snake:3  | Found Fiklung's Antique Weapon Shoppe.
 27990 | Snake:3  | Found Xecvugeud's Armour Emporium.
 27990 | Snake:3  | Found Utizoin's Weapon Shoppe.
 27995 | Snake:3  | Found Urchez's Book Emporium.
 28055 | Snake:3  | Reached skill level 12 in Fighting
 28435 | Snake:3  | Reached XP level 18. HP: 114/140 MP: 18/18
 29038 | Snake:4  | Entered Level 4 of the Snake Pit
 30057 | Snake:4  | Reached skill level 13 in Fighting
 30135 | Snake:4  | Received a gift from Trog
 30877 | Elf:1    | Entered Level 1 of the Elven Halls
 30960 | Elf:1    | You are sucked into a shaft and drop 1 floor!
 30979 | Elf:2    | Received a gift from Trog
 31095 | Elf:2    | Found an ancient bone altar of Kikubaaqudgha.
 31201 | Elf:2    | Found a runed translucent gate.
 31201 | Elf:2    | Found a runed translucent gate.
 31201 | Elf:2    | Found a runed translucent gate.
 31445 | Elf:1    | Found a crumbling gateway.
 31462 | Desolati | Entered the Desolation of Salt
 31479 | Desolati | Reached XP level 19. HP: 139/151 MP: 19/19
 31784 | Desolati | Found the +3 salamander hide armour {Flames, rFlCloud rF++
                  | rC--}
 31821 | Desolati | Received a gift from Trog
 31939 | Desolati | Identified the +1 cloak "Nurutal" {Dex+3}
 32131 | Desolati | Identified the +4 scale mail "Qurchy" {Str+3 SInv Stlth-}
 32163 | Desolati | Reached skill level 14 in Fighting
 32185 | Desolati | Identified the +2 leather armour of Nicoxal {Str+2}
 33437 | Desolati | Identified the ring of Itas {rC+ AC+4 Dex+4 Slay-2 SInv}
 33463 | Desolati | Identified the ring of Fasmas {Int+6 Slay+4}
 33466 | Desolati | Identified the ring of the Haunted God {rF+ rN++ Will+ MP-9
                  | Str+3}
 33518 | Desolati | Identified the +8 halberd of Ashenzari's Pride {drain,
                  | Str+6 SInv}
 33901 | Elf:1    | Received a gift from Trog
 34014 | Elf:1    | Found Baemus's Assorted Antiques.
 34364 | Elf:2    | Noticed Agnes
 34372 | Elf:2    | Killed Agnes
 34505 | Elf:2    | Noticed Donald
 34517 | Elf:2    | Killed Donald
 34921 | Elf:2    | Noticed Norris
 34931 | Elf:2    | Banished Norris
 35434 | Elf:2    | Found an ancient bone altar of Kikubaaqudgha.
 36231 | Elf:2    | Found an ancient bone altar of Kikubaaqudgha.
 36789 | Swamp:1  | Entered Level 1 of the Swamp
 36820 | Swamp:1  | Noticed Nikola
 37138 | Swamp:1  | Killed Nikola
 38081 | Swamp:3  | Reached skill level 15 in Fighting
 38184 | Swamp:3  | Reached XP level 20. HP: 113/162 MP: 20/20
 38549 | Swamp:3  | Received a gift from Trog
 38662 | Swamp:3  | Reached skill level 15 in Dodging
 38827 | Swamp:4  | Entered Level 4 of the Swamp
 39398 | Swamp:4  | Reached skill level 15 in Shields
 39595 | Swamp:4  | Found an opulent altar of Gozag.
 40289 | Elf:2    | Found an ancient bone altar of Kikubaaqudgha.
 40716 | Elf:3    | Entered Level 3 of the Elven Halls
 40769 | Elf:3    | Reached skill level 15 in Armour
 40899 | Elf:3    | Reached skill level 1 in Maces & Flails
 41219 | Elf:3    | Received a gift from Trog
 41227 | Abyss:3  | Cast into level 3 of the Abyss (a deep elf sorcerer)
 41239 | Abyss:3  | Killed Frances
 41257 | Abyss:3  | Reached skill level 5 in Maces & Flails
 41284 | Elf:3    | Escaped the Abyss
 41759 | Elf:3    | Found Wulorr's General Store.
 41766 | Elf:3    | Bought a scroll of teleportation for 51 gold pieces
 41766 | Elf:3    | Bought a potion of experience for 850 gold pieces
 41766 | Elf:3    | Gained mutation: Your demonic aura causes all spilled blood
                  | to erupt in flames. [demonic ancestry]
 41766 | Elf:3    | Reached XP level 21. HP: 170/170 MP: 12/21
 41972 | Elf:3    | Identified the amulet "Anu Ybal" {Spirit Int+2}
 41998 | Elf:3    | Identified the +8 chain mail "Subyiruwn" {Harm rN+}
 42062 | Elf:3    | Received a gift from Trog
 42072 | Elf:3    | Identified the +5 battleaxe of World's End {venom, rC+ rN+
                  | Dex-2}
 42225 | Elf:3    | Reached skill level 16 in Fighting
 42245 | Elf:3    | Identified the +8 shortbow "Concordance" {freeze, rF+}
 42273 | Elf:3    | Identified the staff of Jippi {rElec rF+ Air}
 42516 | Depths:1 | Entered Level 1 of the Depths
 42545 | Depths:1 | Gained mutation: You have a pair of large horns on your
                  | head. [demonic ancestry]
 42545 | Depths:1 | Reached XP level 22. HP: 178/178 MP: 13/22
 42734 | Depths:1 | Found Kitt's Vocational Training.
 42742 | Depths:1 | Bought a manual of Evocations for 880 gold pieces
 42912 | Depths:1 | Found a gateway to Hell.
 43098 | Depths:1 | Found a one-way gate leading to the halls of Pandemonium.
 43285 | Depths:2 | Noticed Bai Suzhen
 43293 | Depths:2 | Killed Bai Suzhen
 43345 | Depths:2 | Received a gift from Trog
 43947 | Depths:2 | Reached skill level 10 in Maces & Flails
 44194 | Depths:2 | Identified the ring of Bodily Harmony {Wiz Will+}
 44461 | Depths:2 | Reached skill level 17 in Fighting
 44956 | Depths:2 | Gained mutation: You sometimes lose your temper in combat.
                  | [a cacodemon]
 45213 | Depths:2 | Received a gift from Trog
 45579 | Elf:1    | Lost mutation: You sometimes lose your temper in combat.
                  | [potion of mutation]
 45579 | Elf:1    | Gained mutation: Your magical capacity is low. (-10% MP)
                  | [potion of mutation]
 45579 | Elf:1    | Gained mutation: You are strong-willed. (Will+) [potion of
                  | mutation]
 46899 | Depths:3 | Found Siserioq's Antique Armour Boutique.
 46956 | Depths:3 | Gained mutation: You are completely covered in sharp
                  | spines. [demonic ancestry]
 46956 | Depths:3 | Reached XP level 23. HP: 188/188 MP: 11/20
 46979 | Depths:4 | Entered Level 4 of the Depths
 46998 | Depths:4 | Found a one-way gateway to a ziggurat.
 47205 | Depths:4 | Received a gift from Trog
 47210 | Depths:4 | Reached skill level 15 in Evocations
 47214 | Depths:4 | Reached skill level 18 in Fighting
 47917 | Depths:4 | Found a gate to the Realm of Zot.
 47932 | Depths:4 | Reached skill level 19 in Fighting
 48249 | Vaults:1 | Entered Level 1 of the Vaults
 48722 | Vaults:1 | Received a gift from Trog
 48930 | Vaults:1 | Reached skill level 20 in Fighting
 49592 | Vaults:2 | Received a gift from Trog
 49779 | Vaults:2 | Noticed Boris
 49794 | Vaults:2 | Killed Boris
 49890 | Vaults:2 | Reached XP level 24. HP: 204/204 MP: 11/20
 50058 | Vaults:2 | Identified the serpent talisman "Turofoam" {Str+6 Int-3
                  | Stlth+}
 50058 | Vaults:2 | Noticed Aizul
 50067 | Vaults:2 | Killed Aizul
 50322 | Vaults:2 | Received a gift from Trog
 50705 | Vaults:2 | Found a staircase to the Crypt.
 51156 | Vaults:3 | Found Mofaakke's Book Shoppe.
 51514 | Vaults:3 | Identified the +4 scale mail of the Rescuing Gods {rPois}
 51656 | Vaults:3 | Identified the +6 chain mail of Iddikhler {rCorr Str-3
                  | Dex+4}
 51673 | Vaults:3 | Received a gift from Trog
 52002 | Vaults:4 | Found Amemogah's Book Shoppe.
 52241 | Vaults:4 | Paralysed by a formless jellyfish for 1 turns
 53454 | Vaults:5 | Entered Level 5 of the Vaults
 53460 | Vaults:5 | Received a gift from Trog
 53767 | Vaults:5 | Noticed a dread lich
 53776 | Vaults:5 | Killed a dread lich
 53778 | Vaults:5 | Identified the +1 arbalest "Orb Guardian's Bane" {flame,
                  | Str+3}
 53800 | Vaults:5 | Gained mutation: You are robust. (+10% HP) [demonic
                  | ancestry]
 53800 | Vaults:5 | Reached XP level 25. HP: 181/231 MP: 5/20
 53809 | Vaults:5 | Noticed an ancient lich
 53823 | Vaults:5 | Killed an ancient lich
 53871 | Vaults:4 | Received a gift from Trog
 54278 | Vaults:5 | Identified the ring "Vaigip" {Fire Slay+2}
 54482 | Vaults:5 | Noticed an ancient lich
 54506 | Vaults:5 | Killed an ancient lich
 54750 | Vaults:5 | Received a gift from Trog
 54751 | Vaults:5 | Identified the +4 scale mail of a ziggurat {Rampage}
 54751 | Vaults:5 | Identified the amulet "Echiplu" {Faith Int+4}
 55102 | Vaults:5 | Identified the +9 hand axe of Dykho {elec, rPois Str-4
                  | Int+8}
 55124 | Vaults:5 | Identified the +1 plate armour of Pifayke {rElec rPois
                  | Int+8}
 55155 | Vaults:5 | Identified the amulet of Wofelon {Regen+ Int+2}
 55532 | Vaults:5 | Got a silver rune of Zot
 56125 | Swamp:4  | Got a decaying rune of Zot
 56472 | Snake:4  | Got a serpentine rune of Zot
 57536 | Slime:1  | Entered Level 1 of the Pits of Slime
 57538 | Slime:1  | Gained mutation: You are partially covered in large bone
                  | plates. (SH +4) [a shining eye]
 57541 | Slime:1  | Gained mutation: You have sharp toenails. [a shining eye]
 57566 | Slime:1  | Gained mutation: You possess an exceptional clarity of
                  | mind. [a shining eye]
 57776 | Slime:3  | Reached skill level 21 in Fighting
 57814 | Slime:4  | Gained mutation: You are weak. (Str -2) [a shining eye]
 57940 | Slime:5  | Entered Level 5 of the Pits of Slime
 58129 | Slime:5  | Lost mutation: You are weak. (Str -2) [a shining eye]
 58304 | Slime:5  | Gained mutation: You are weak. (Str -2) [a shining eye]
 58448 | Slime:5  | Noticed the Royal Jelly
 58647 | Slime:5  | Received a gift from Trog
 58669 | Slime:5  | Found a viscous altar of Jiyva.
 58693 | Slime:5  | Lost mutation: You have sharp toenails. [a shining eye]
 58794 | Slime:5  | Killed the Royal Jelly
 58973 | Slime:5  | Identified the amulet of Neppeor {Acrobat Dex+4}
 58978 | Slime:5  | Got a slimy rune of Zot
 59426 | Slime:5  | Gained mutation: You occasionally lose the ability to read
                  | scrolls when taking damage. [a shining eye]
 59441 | Slime:5  | Identified the ring "Ublex" {Ice rElec}
 59514 | Slime:5  | Identified the staff "Rufu Sot" {rC+ Will+ Ice}
 60325 | Zot:1    | Entered Level 1 of the Realm of Zot
 60476 | D:14     | Bought 3 scrolls of revelation for 292 gold pieces
 60621 | Orc:2    | Bought a scroll of revelation for 127 gold pieces
 60933 | Zot:1    | Gained mutation: You are very robust. (+20% HP) [demonic
                  | ancestry]
 60933 | Zot:1    | Reached XP level 26. HP: 98/268 MP: 11/20
 61351 | Zot:1    | Noticed an orb of fire
 61369 | Zot:1    | Gained mutation: You occasionally shout uncontrollably at
                  | your foes. [an orb of fire]
 61386 | Zot:1    | Lost mutation: You occasionally shout uncontrollably at
                  | your foes. [an orb of fire]
 61397 | Zot:1    | Killed an orb of fire
 61636 | Zot:1    | Reached skill level 22 in Fighting
 61639 | Zot:1    | Noticed an orb of fire
 61649 | Zot:1    | Gained mutation: Your spells are a little easier to cast,
                  | but a little less powerful. [an orb of fire]
 61678 | Zot:1    | Killed an orb of fire
 62505 | Zot:1    | Found the ring of the Tortoise {AC+8}
 62555 | Zot:1    | Noticed an orb of fire
 62600 | Zot:1    | Killed an orb of fire
 62927 | Zot:1    | Identified the +10 spear of Golden Tenacity {drain, rF+
                  | rN+}
 63029 | Zot:2    | Found a transporter.
 63035 | Zot:2    | Found a transporter.
 63036 | Zot:2    | Found a transporter.
 63036 | Zot:2    | Found a transporter.
 63096 | Zot:2    | Identified the +3 leather armour "Naidycaf" {rC+}
 63151 | Zot:2    | Received a gift from Trog
 64309 | Zot:3    | Reached skill level 23 in Fighting
 64903 | Crypt:1  | Entered Level 1 of the Crypt
 65095 | Crypt:1  | Noticed Sojobo
 65108 | Crypt:1  | Paralysed by an air elemental for 1 turns
 65112 | Crypt:1  | Killed Sojobo
 65202 | Crypt:1  | You are sucked into a shaft and drop 1 floor!
 65356 | Crypt:2  | Noticed Boris
 65371 | Crypt:2  | Killed Boris
 66010 | Crypt:1  | Noticed Zenata
 66227 | Crypt:2  | Reached skill level 24 in Fighting
 66237 | Crypt:2  | Received a gift from Trog
 66257 | Crypt:2  | Gained mutation: You are extremely robust. (+30% HP)
                  | [demonic ancestry]
 66257 | Crypt:2  | Reached XP level 27. HP: 273/306 MP: 11/20
 66398 | Crypt:2  | Found the +6 Majin-Bo {spellvamp, MP+6 Int+6}
 66634 | Crypt:3  | Entered Level 3 of the Crypt
 66678 | Crypt:3  | Found a staircase to the Tomb.
 67052 | Crypt:3  | Received a gift from Trog
 67752 | Crypt:3  | Reached skill level 25 in Fighting
 67810 | Crypt:3  | Received a gift from Trog
 67822 | Crypt:3  | Found a basalt altar of Yredelemnul.
 67831 | Crypt:3  | Identified the +7 lajatang of Integrity {vamp, Will+ Dex+2}
 67831 | Crypt:3  | Identified the +1 shortbow "Polurew" {elec, Str+4}
 67855 | Crypt:3  | Noticed an ancient lich
 67869 | Crypt:3  | Killed an ancient lich
 67921 | Crypt:3  | Found the +10 zealot's sword {holy, Zealotry, *Rage rN+
                  | EV+3}
 68367 | Crypt:3  | Received a gift from Trog
 69004 | Zot:3    | You are sucked into a shaft and drop 1 floor!
 69916 | Zot:4    | Noticed an orb of fire
 69930 | Zot:4    | Killed an orb of fire
 70107 | Zot:4    | Reached skill level 26 in Fighting
 70297 | Zot:4    | Noticed a dread lich
 70309 | Zot:4    | Killed a dread lich
 70311 | Zot:4    | Noticed a dread lich
 70312 | Zot:4    | Noticed a dread lich
 70524 | Zot:4    | Killed a dread lich
 70544 | Zot:4    | Received a gift from Trog
 70560 | Zot:4    | Killed a dread lich
 70896 | Zot:4    | Identified the +3 demon blade "Worm's Wrath" {flame, rPois
                  | rF+}
 71150 | Zot:5    | Entered Level 5 of the Realm of Zot
 71900 | Zot:5    | Noticed a dread lich
 71904 | Zot:5    | Noticed an orb of fire
 71914 | Zot:5    | Gained mutation: Your body sometimes deteriorates upon
                  | taking damage. [an orb of fire]
 71916 | Zot:5    | Killed a dread lich
 71921 | Zot:5    | Killed an orb of fire
 72022 | Zot:5    | Noticed an orb of fire
 72026 | Zot:5    | Gained mutation: Your spells are easier to cast, but less
                  | powerful. [an orb of fire]
 72030 | Zot:5    | Gained mutation: Your body often deteriorates upon taking
                  | damage. [an orb of fire]
 72034 | Zot:5    | Gained mutation: Your health recovers twice as slowly from
                  | being drained. [an orb of fire]
 72038 | Zot:5    | Lost mutation: You possess an exceptional clarity of mind.
                  | [an orb of fire]
 72041 | Zot:5    | Killed an orb of fire
 72042 | Zot:5    | Reached skill level 27 in Fighting
 72051 | Zot:5    | Noticed an orb of fire
 72068 | Zot:5    | Killed an orb of fire
 72068 | Zot:5    | Noticed an orb of fire
 72075 | Zot:5    | Noticed an ancient lich
 72079 | Zot:5    | Gained mutation: You are vulnerable to cold. (rC-) [an orb
                  | of fire]
 72080 | Zot:5    | Noticed an orb of fire
 72082 | Zot:5    | Killed an orb of fire
 72099 | Zot:5    | Gained mutation: Armour fits poorly on your strangely
                  | shaped body. [an orb of fire]
 72102 | Zot:5    | Killed an orb of fire
 72112 | Zot:5    | Killed an ancient lich
 72673 | Zot:5    | Noticed an orb of fire
 72689 | Zot:5    | Noticed an orb of fire
 72690 | Zot:5    | Killed an orb of fire
 72690 | Zot:5    | Lost mutation: You occasionally lose the ability to read
                  | scrolls when taking damage. [an orb of fire]
 72697 | Zot:5    | Noticed an orb of fire
 72715 | Zot:5    | Gained mutation: You sometimes lose your temper in combat.
                  | [an orb of fire]
 72718 | Zot:5    | Killed an orb of fire
 72725 | Zot:5    | Killed an orb of fire
 72897 | Zot:5    | Got the Orb of Zot
 73087 | Zot:1    | Noticed Bounut the pandemonium lord
 73105 | Depths:4 | Killed Bounut the pandemonium lord
 73105 | Depths:4 | Received a gift from Trog
 73426 | D:$      | Escaped with the Orb!

Illustrated notes

Levels and vault maps discovered:
D:1:      scummos_arrival_hexagon, layout_rooms, minmay_misc_feat_diagonals,
          chequers_serial_rivers_large_b, chequers_big_river
D:2:      layout_basic, dreamdust_ecumenical_altar_hidden_monk_grotto,
          chequers_serial_rivers_micro_d
D:3:      layout_rooms, lemuel_round_altar, yredelemnul_altar_generic,
          pdpol_wu_jian_five_deadly_venoms, elyvilon_altar_4, serial_undead,
          serial_undead_d, serial_undead_c, serial_undead_d, serial_undead_d,
          st_stairs_7, uniq_crazy_yiuf_cottage, uniq_ijyb
D:4:      layout_basic, lightli_temple_of_fire, amcnicky_altar_gilded,
          vehumet_statue, minmay_temple_entry_mini_moons, serial_shops,
          shop_fountains
D:5:      layout_loops_ring, uniq_duvessa
D:6:      layout_basic, serial_glass, glass_columns_a, glass_columns_c,
          minmay_manual_monstrance, uniq_sigmund, uniq_jeremiah, uniq_eustachio,
          uniq_edmund
D:7:      layout_loops_cross
D:8:      layout_rooms, serial_shops, nicolae_shop_statue_plus, serial_rivers,
          chequers_serial_rivers_room_b, chequers_serial_rivers_room_b,
          chequers_serial_rivers_micro_a, chequers_serial_rivers_large_a,
          chequers_serial_rivers_small_b, chequers_serial_rivers_small_a
D:9:      layout_loops_cross, due_lair_maze_entry_diamond, serial_ice,
          serial_ice_e, serial_ice_m, serial_ice_h, serial_ice_k, uniq_erica
D:10:     layout_cave_pools, kennysheep_mini, orc_david_3, uniq_maggie,
          uniq_snorg, uniq_fannar
D:11:     layout_big_octagon, minivault_12, uniq_sonja, uniq_josephine
D:12:     layout_irregular_city, hex_tiny, uniq_nergalle, uniq_urug, uniq_psyche
D:13:     layout_cave_pools, serial_shops, nicolae_shop_real_fake_doors
D:14:     layout_small_grid, david_vaults_3, serial_shops,
          nicolae_shop_advertising_works [nicolae_subvault_shop_adworks],
          serial_park_avenue1
D:15:     grunt_enter_depths_hoard, layout_small_grid, kennysheep_pointless_box,
          nrook_guardian_serpent_double
Temple:   compressed_dpeg_circular_temple
Lair:1:   layout_roguey, serial_bayou_shore_a
Lair:2:   layout_roguey, skrybe_swamp_entry_bodies, minmay_holes,
          nicolae_lair_lakeside_cave
Lair:3:   layout_regular_city, dummy_snake_entry, nicolae_lair_lindhole,
          uniq_rupert, uniq_amaemon
Lair:4:   layout_cave_pods, slime_entry_1, st_stairs_7,
          cheibrodos_lair_lostbears, grunt_megastairs_4
Lair:5:   hellmonk_lair_end_abyssal_woods, layout_cave_pods, lemuel_fruit_tree,
          serial_bayou_shore_b, grunt_megastairs_2
Swamp:1:  layout_basic_swamp, evilmike_swamp_ruin_house_6, swamp_pool_4,
          uniq_nikola
Swamp:2:  layout_basic_swamp, nicolae_swamp_big_swirl
Swamp:3:  layout_falls_marsh, evilmike_swamp_ruin_house_5,
          nicolae_swamp_alligator_family
Swamp:4:  swamp_alternative, layout_basic_swamp, swamp_pool_1_2,
          lemuel_altar_in_water, nicolae_swamp_super_fun_site
Snake:1:  layout_chambers, nicolae_take_the_stairs, lemuel_oklob_altar,
          minmay_shop_grove, grunt_megastairs_3, uniq_jorgrun, uniq_frances
Snake:2:  layout_cave_pods, nicolae_shop_overcharged_wands
Snake:3:  cheibrodos_snake_ritualist_ritual, layout_cave_shapes,
          nicolae_snake_shapes, minmay_shoptagon
Snake:4:  snake_pit_salamanders_mu, layout_onion
Slime:1:  cheibrodos_slime_lost_civilization_10, layout_caves
Slime:2:  layout_caves
Slime:3:  layout_caves
Slime:4:  layout_caves
Slime:5:  slime_pit_nicolae_inversion
Orc:1:    layout_caves, ebering_ghost_rock_garden, basic_altar,
          minmay_shop_mayhem
Orc:2:    st_orc_town, layout_diamond_mine,
          portal_ice_cave_entry_animals_and_master, serial_shops,
          nicolae_shop_statue_plus
Elf:1:    minmay_elf_arrival_circle, layout_loops_cross,
          portal_desolation_entry_nicolae_slug, serial_shops,
          nicolae_square_shop, wad_floor_pattern_untrapped, minivault_25_ag
Elf:2:    nicolae_elf_blades_crystal_corner, layout_gridlike, basic_altar,
          uniq_agnes, uniq_donald, uniq_norris
Elf:3:    minmay_elf_hall_spiked, layout_gridlike, serial_shops,
          nicolae_shop_waterfront
Vaults:1: nicolae_vaults_meeting, nicolae_vaults_shrinking_rooms_2,
          ontoclasm_vaults_ring_small, nicolae_vaults_big_ls,
          nicolae_vaults_surprise_closet, nicolae_vaults_heart-shaped_vault,
          nicolae_vaults_cornered_office, vaults_mumra_minichess_inversion,
          hangedman_vaults_corner_blocks, ontoclasm_vaults_pinch, v_misc_19,
          nicolae_vaults_tangram_2, ontoclasm_vaults_loading_screen,
          nicolae_vaults_gold_heap, nicolae_vaults_trapezoid_3,
          layout_vaults_big_cross
Vaults:2: hangedman_vaults_unwind, nicolae_vaults_six-pack,
          minmay_crypt_entry_skeletal_spiral, v_misc_5,
          nicolae_vaults_offset_grid_hallway_3,
          nicolae_vaults_storage_closets_2, nicolae_vaults_double_plus_2,
          nicolae_vaults_puzzle_piece, nicolae_vaults_alarming,
          nicolae_vaults_security_offices_2,
          nicolae_vaults_trapezoid_lopsided_1, layout_vaults_ring, uniq_aizul,
          uniq_boris
Vaults:3: hangedman_vaults_snaps, nicolae_vaults_weapon_check,
          ontoclasm_vaults_ring_square, nicolae_vaults_three_branches,
          nicolae_vaults_shipping_containers_4, layout_vaults_chaotic_city,
          serial_shops, shop_statue
Vaults:4: nicolae_vaults_tetromino_T_2, nicolae_vaults_cornered_office,
          nicolae_vaults_sesquioval_fish, v_misc_27,
          nicolae_vaults_shrinking_rooms_1, nicolae_vaults_apartment_1,
          nicolae_vaults_ninety_degrees, nicolae_vaults_asterisk,
          nicolae_vaults_closet_pinwheel_6, layout_vaults_omnigrid,
          serial_shops, nicolae_book_shop_shelving
Vaults:5
Crypt:1:  layout_rooms, grunt_crypt_arrival_guarded_gate,
          roderic_lattice_octagonal_star, uniq_margery, uniq_sojobo, uniq_zenata
Crypt:2:  minmay_guarded_unrand_majin_bo, layout_misc_corridors,
          nicolae_crypt_lichyard
Crypt:3:  church_of_pain_bobbens, layout_chaotic_city,
          tomb_entry_simple_bobbens, serial_sigils_hangedman_scratch
Depths:1: layout_cave_pools, hell_entry, grunt_pan_entry_in_and_out,
          grunt_decor_arrowhead, corexii_hall_statues_l, nicolae_shop_vocational
Depths:2: lemuel_traditional_vault, layout_gridlike, grunt_mini_vestibule,
          special_room [special_room_mythical_zoo], rand_demon_pan_entry_9,
          serial_bayou_pond_c, amcnicky_mini_rare_corridor_liquid,
          nicolae_concentric_dashed_squares_wild, wad_rectangle_vault,
          uniq_bai_suzhen
Depths:3: dreamdust_cat_pyramid, layout_cave_shapes, abyss_entry,
          grunt_hell_entry_dis_grunt, serial_shops, kennysheep_little_box,
          minmay_staircase_bubble
Depths:4: grunt_zot_entry_bicorn, layout_gridville, enter_ziggurat_a,
          pf_hell_entry_great_geh, serial_co_window_serial, co_window_corner_a,
          co_window_paths_a, co_window_of_opportunity_a, co_window_paths_b,
          co_window_paths_b, co_window_broadway_b, co_window_corner_b,
          co_window_corner_b, co_window_unsneaky_path_d, co_window_paths_d,
          glass_columns_a, glass_columns_a
Zot:1:    layout_gridlike, drop_trap, st_stairs_3,
          regret_index_zotdec_barnacled_simple, lemuel_flame_loot_1
Zot:2:    layout_concentric_octagons, regret_index_zotdec_magical_s,
          nicolae_transporter_intersection
Zot:3:    layout_cathedral_of_symmetry, grunt_ministairs_8, skrybe_zot_glass_3,
          uniq_josephina
Zot:4:    hellmonk_paralyzer, layout_cathedral_of_symmetry,
          regret_index_zotdec_gossamer_gf
Zot:5:    layout_basic

Skill      XL: |  1  2  3  4  5  6  7  8  9 10 11 12 13 14 15 16 17 18 19 20 21 22 23 24 25 26 27 |
---------------+----------------------------------------------------------------------------------+-----
Axes           | 3 4 5 6 7 8 9 10 11 12 13 15 17 | 17.9
Fighting       | 4 5 6 8 10 12 13 15 16 17 20 21 24 27 | 27.0
Shields        | 1 2 4 6 8 9 10 11 13 14 15 16 18 19 20 | 20.3
Polearms       | 2 |  2.7
Dodging        | 2 7 10 12 13 14 15 | 15.0
Evocations     | 3 6 9 10 14 15 16 17 | 17.5
Armour         | 4 7 10 11 12 14 15 16 18 19 20 24 | 24.7
Throwing       | 4 6 |  6.4
Maces & Flails | 6 7 11 | 11.4

Action                     |  1- 3 |  4- 6 |  7- 9 | 10-12 | 13-15 | 16-18 | 19-21 | 22-24 | 25-27 || total
---------------------------+-------+-------+-------+-------+-------+-------+-------+-------+-------++-------
  Melee: Hand axe          |    88 |   145 |    54 |       |       |       |       |       |       ||   287
         Headbutt          |    12 |    31 |    27 |    62 |   129 |   158 |   219 |   441 |   817 ||  1896
         Punch             |       |     1 |     5 |     1 |     1 |       |       |       |       ||     8
         Trident           |       |       |    76 |       |       |       |       |       |       ||    76
         Battleaxe         |       |       |    58 |    91 |       |       |       |       |       ||   149
         Broad axe         |       |       |       |   222 |   691 |   649 |   773 |  1251 |  2003 ||  5589
         Eveningstar       |       |       |       |       |       |       |     3 |    75 |   386 ||   464
   Fire: Sling             |     5 |       |    38 |    22 |       |       |       |       |       ||    65
  Throw: Dart              |     4 |       |       |    30 |     2 |       |     1 |       |       ||    37
         Boomerang         |       |       |       |    10 |    27 |       |       |       |    18 ||    55
         Javelin           |       |       |       |     2 |       |       |     3 |       |     4 ||     9
 Invoke: Trog's Hand       |     1 |     2 |     1 |     3 |     8 |     8 |    10 |     4 |     5 ||    42
         Berserk           |       |     3 |     1 |     1 |     3 |     2 |       |       |       ||    10
         Brothers in Arms  |       |       |       |     4 |     5 |     5 |     7 |     2 |    11 ||    34
  Evoke: Wand              |       |     2 |     1 |    11 |     9 |     4 |     3 |     4 |     4 ||    38
         Tin of tremorston |       |       |       |       |     5 |     4 |     3 |     1 |       ||    13
         Phantom mirror    |       |       |       |       |       |       |     1 |       |       ||     1
         Lightning rod     |       |       |       |       |       |       |       |       |     1 ||     1
         Phial of floods   |       |       |       |       |       |       |       |       |     1 ||     1
         Sack of spiders   |       |       |       |       |       |       |       |       |     1 ||     1
    Use: Scroll            |     5 |     6 |     4 |    10 |     9 |     6 |     7 |     3 |    13 ||    63
         Potion            |       |       |       |     4 |     3 |     2 |     2 |     3 |     8 ||    22
   Stab: Sleeping          |       |       |       |       |     4 |       |       |       |       ||     4
         Distracted        |       |       |       |       |     1 |       |     1 |     1 |     1 ||     4
         Held in net/web   |       |       |       |       |       |       |       |       |     1 ||     1
 Armour: Chain mail        |    76 |    72 |       |       |       |       |       |       |   114 ||   262
         Animal skin       |     5 |       |       |       |       |       |       |       |       ||     5
         Ring mail         |       |    49 |   130 |   102 |       |       |       |       |       ||   281
         Steam dragon scal |       |       |       |   199 |    28 |       |       |       |       ||   227
         Leather armour    |       |       |       |       |   148 |       |       |       |       ||   148
         Acid dragon scale |       |       |       |       |   108 |    56 |       |       |       ||   164
         Troll leather arm |       |       |       |       |    56 |       |       |       |       ||    56
         Skin              |       |       |       |       |     1 |       |       |       |       ||     1
         Plate armour      |       |       |       |       |       |   292 |   119 |   557 |   325 ||  1293
         Scale mail        |       |       |       |       |       |       |    35 |       |       ||    35
         Swamp dragon scal |       |       |       |       |       |       |   124 |       |       ||   124
         Gold dragon scale |       |       |       |       |       |       |       |       |   603 ||   603
  Dodge: Dodged            |    52 |    64 |    84 |   234 |   451 |   203 |   275 |   422 |   446 ||  2231
  Block: Kite shield       |       |       |       |       |   357 |   648 |   659 |  1195 |  2345 ||  5204
         Reflection        |       |       |       |       |       |   122 |    50 |    73 |    59 ||   304
